Construct Infanterie Kompanie
Construct Luftwaffe Kompanie
Construct Panzer Kompanie
Selects Luftwaffe Battlegroup
Selects Stuka Strafing Run
Selects Fallschirmjäger Squad Paradrop
Selects Luftwaffe Pioneer Support
Selects LG40 Recoilless Gun Paradrop
Fallschirmjäger Squad Paradrop
Infanterie Officer Quarters
Luftwaffe Officer Quarters
Selects Infantry Reserves
Construct Panzergrenadier Kompanie
Nebelwerfer 42 Rocket Launcher Team